 Dungeon Crawl Stone Soup version 0.30.0-16-gbe6223bb7e (webtiles) character file.

Game seed: 10565249266788545774

39 booth the Chopper (level 3, -6/26 (31) HPs)
             Began as a Gnoll Reaver on May 20, 2023.
             Was a Follower of Fedhas.
             Killed from afar by Sigmund (7 damage)
             ... with a puff of flame
             ... on level 2 of the Dungeon.
             The game lasted 00:07:37 (1011 turns).

booth the Chopper (Gnoll Reaver)                    Turns: 1011, Time: 00:07:37

HP:   -6/26 (31)    AC:  3    Str: 13    XL:     3   Next: 47%
MP:   17/18         EV: 12    Int: 12    God:    Fedhas [*.....]
Gold: 36            SH:  0    Dex: 10    Spells: 4/12 levels left

rFire   . . .        a - +0 hand axe
rCold   . . .        (no shield)
rNeg    . . .        b - +0 leather armour
rPois   .            (no helmet)
rElec   .            (no cloak)
rCorr   .            (no gloves)
SInv    .            (no boots)
Will    .....        (no amulet)
Stlth   +            k - ring of magical power
HPRegen 0.24/turn    (no ring)
MPRegen 0.16/turn

%: no passive effects
@: heavily drained
A: fangs 1, strong nose, distributed training
a: Renounce Religion


You were on level 2 of the Dungeon.
You worshipped Fedhas.
Fedhas was aware of your devotion.
You visited 1 branch of the dungeon, and saw 2 of its levels.

You collected 36 gold pieces.

Inventory:

Hand Weapons
 a - a +0 hand axe (weapon)
 c - a +1 antimagic short sword
Armour
 b - a +0 leather armour (worn)
Jewellery
 j - a ring of fire
 k - a ring of magical power (left hand)
Wands
 l - a wand of flame (20)
Scrolls
 e - a scroll of blinking {unknown}
 g - 2 scrolls of teleportation {unknown}
 m - a scroll of torment {unknown}
Potions
 d - 3 potions of curing
 f - a potion of haste {unknown}
 h - 3 potions of heal wounds {unknown}
 i - a potion of cancellation {unknown}


   Skills:
 + Level 4.5 Fighting
 + Level 0.9 Short Blades
 + Level 0.9 Long Blades
 + Level 6.5 Axes
 + Level 0.9 Maces & Flails
 + Level 0.9 Polearms
 + Level 0.9 Staves
 + Level 0.9 Ranged Weapons
 + Level 0.9 Throwing
 + Level 0.9 Armour
 + Level 4.5 Dodging
 + Level 0.9 Stealth
 + Level 0.9 Shields
 + Level 0.9 Unarmed Combat
 + Level 5.0 Spellcasting
 + Level 5.4 Conjurations
 + Level 0.6 Hexes
 + Level 0.6 Summonings
 + Level 0.6 Necromancy
 + Level 0.6 Translocations
 + Level 0.6 Transmutations
 + Level 0.6 Fire Magic
 + Level 0.6 Ice Magic
 + Level 0.6 Air Magic
 + Level 0.6 Earth Magic
 + Level 0.6 Poison Magic
 + Level 1.0 Invocations
 + Level 0.9 Evocations


You had 4 spell levels left.
You knew the following spells:

 Your Spells              Type           Power      Damage    Failure   Level
a - Kiss of Death         Conj/Necr      40%        2d8       8%          1
b - Momentum Strike       Conj/Tloc      20%        3d8       11%         2
c - Hailstorm             Conj/Ice       10%        3d5       22%         3
d - Ensorcelled Hibernat  Hex/Ice        8%         N/A       30%         2

Your spell library contained the following spells:

 Spells                   Type           Power      Damage    Failure   Level
 Passwall                 Tmut/Erth      3%         N/A       30%         2
 Swiftness                Air            4%         N/A       52%         3


Dungeon Overview and Level Annotations

Branches:
Dungeon (2/15)

Altars:
Fedhas

Shops:
D:1 (

Annotations:
D:2 Sigmund


Innate Abilities, Weirdness & Mutations

You have very sharp teeth.
Your uncanny sense of smell can sniff out nearby items.
Your experience applies equally to all skills.


Message History

You slash the bat!
You kill the bat!
Fedhas appreciates your contribution to the ecosystem.
There is an open door here.
Sigmund the Dreaded comes into view.
He is wielding a +0 scythe.
Sigmund shouts!
Sigmund is nearby!
Sigmund gestures at you while chanting.
You are confused.
Sigmund gestures wildly while chanting.
Sigmund flickers and vanishes!
Deactivating autopickup; reactivate with Ctrl-A.
You bump into the translucent rock wall.
You bump into the rock wall.
Okay, then.
You're too confused to move!
You feel less confused.
A magic dart appears from out of thin air!
The magic dart hits you. Something hits you but does no damage.
You closely miss something. Something hits you.
You barely miss something. You bite something. Something hits you!
You barely miss something. You barely miss something.
Your bite misses something. Something hits you.
You barely miss something. Something barely misses you.
You hit something but do no damage.
Cast which spell? (? or * to list)
Aiming: Kiss of Death (safe; 8% risk of failure)
Press: ? - help, Shift-Dir - straight line The negative energy hits something!
You feel drained. Something hits you!
* * * LOW HITPOINT WARNING * * *
Aiming: Throw Flame
Press: ? - help, Q - select action, (/) - cycle Shift-Dir - straight line
Aiming: Throw Flame
Press: ? - help, Q - select action, (/) - cycle Shift-Dir - straight line You hear some strange, mumbled words.
A puff of flame appears from out of thin air!
The puff of flame hits you!
You die...
Fedhas appreciates your contribution to the ecosystem.

#.###....#..........#
#......#.#.#.#..#
...###..###.........##
............#.#.#.#.#
#######.###.........#
#.###.#.#.#.#.#
#.##..........#
..<...#.#.#.#.#
#.#.#.....@{..#
#.#.########..# ∆∆
..#< #..## ... #...#
...... ###...# ##.##
#.


There were no monsters in sight!

Vanquished Creatures
  2 adders (D:2)
  A worm (D:2)
  5 bats
  2 goblins
  A hobgoblin (D:2)
  5 ball pythons
  A frilled lizard (D:1)
  3 kobolds (D:1)
  2 rats (D:1)
22 creatures vanquished.

Notes
Turn   | Place    | Note
-------+----------+-------------------------------------------
     0 | D:1      | booth the Gnoll Reaver began the quest for the Orb.
     0 | D:1      | Reached XP level 1. HP: 20/20 MP: 6/6
    99 | D:1      | Found Kutoluom's Antique Weapon Emporium.
   208 | D:1      | Reached XP level 2. HP: 20/26 MP: 7/7
   212 | D:1      | Learned a level 2 spell: Momentum Strike
   587 | D:2      | Found a faded altar of an unknown god.
   591 | D:2      | Prayed at the altar of an unknown god.
   591 | D:2      | Became a worshipper of Fedhas Madash
   591 | D:2      | Reached * piety under Fedhas
   769 | D:2      | Reached skill level 5 in Spellcasting
   769 | D:2      | Reached XP level 3. HP: 27/31 MP: 9/9
   773 | D:2      | Learned a level 3 spell: Hailstorm
   845 | D:2      | Reached skill level 1 in Invocations
   944 | D:2      | Learned a level 2 spell: Ensorcelled Hibernation
   991 | D:2      | Noticed Sigmund
  1009 | D:2      | HP: 1/26 [something (10)]
  1011 | D:2      | Killed from afar by Sigmund

Illustrated notes

Levels and vault maps discovered:
D:1:      saegor_arrival_simple_e, layout_rooms, serial_shops, shop
D:2:      layout_loops_corners, hellmonk_ecumenical_altar_heavens_door,
          serial_glass, glass_columns_c, glass_columns_a, glass_columns_a,
          glass_columns_c, minmay_strange_pillars, due_unseen_surprise,
          uniq_sigmund

Skill      XL: |  1  2  3 |
---------------+----------+-----
Spellcasting   | 5 |  5.0
Invocations    | 1 |  1.0
Fighting       | |  4.5
Short Blades   | |  0.9
Long Blades    | |  0.9
Axes           | |  6.5
Maces & Flails | |  0.9
Polearms       | |  0.9
Staves         | |  0.9
Ranged Weapons | |  0.9
Throwing       | |  0.9
Armour         | |  0.9
Dodging        | |  4.5
Stealth        | |  0.9
Shields        | |  0.9
Unarmed Combat | |  0.9
Conjurations   | |  5.4
Hexes          | |  0.6
Summonings     | |  0.6
Necromancy     | |  0.6
Translocations | |  0.6
Transmutations | |  0.6
Fire Magic     | |  0.6
Ice Magic      | |  0.6
Air Magic      | |  0.6
Earth Magic    | |  0.6
Poison Magic   | |  0.6
Evocations     | |  0.9

Action                     || total
---------------------------++-------
  Melee: Hand axe          ||    87
         Bite              ||     9
         Punch             ||     1
   Cast: Kiss of Death     ||     1
  Evoke: Wand              ||     2
    Use: Scroll            ||     1
 Armour: Leather armour    ||    24
  Dodge: Dodged            ||    40
